 Dungeon Crawl Stone Soup version 0.31-a0-1074-g0b22e4e0f1 (webtiles) character file.

Game seed: 18352847499720517334

2360 BigPumpCobain the Grappler (level 9, -3/89 HPs)
             Began as a Troll Fighter on Dec 7, 2023.
             Was an Initiate of Wu Jian.
             Slain by a hornet (11 damage)
             ... on level 7 of the Dungeon.
             The game lasted 00:08:06 (4791 turns).

BigPumpCobain the Grappler (Troll Fighter)          Turns: 4791, Time: 00:08:07

Health: -3/89      AC:  4    Str: 36    XL:     9   Next: 21%
Magic:  8/8        EV:  9    Int:  4    God:    Wu Jian [......]
Gold:   320        SH:  9    Dex:  9    Spells: 8/8 levels left

rFire   + .          .
                       - Unarmed
rCold   . . .        b - +0 kite shield
rNeg    . . .        a - +0 robe
rPois   .            (helmet restricted)
rElec   .            (no cloak)
rCorr   .            (gloves unavailable)
SInv    .            (boots unavailable)
Will    .....        (no amulet)
Stlth   +            m - +6 ring of strength
HPRegen 1.14/turn    i - ring of protection from fire
MPRegen 0.11/turn

%: no passive effects
@: lethally poisoned (-3 -> -13), slowed, very slow
A: large, unfitting armour, claws 3, regeneration 1, shaggy fur 1, tough skin 1
a: Renounce Religion


You were on level 7 of the Dungeon.
You worshipped Wu Jian.
Wu Jian was noncommittal.
You visited 1 branch of the dungeon, and saw 7 of its levels.

You collected 320 gold pieces.

Inventory:

Hand Weapons
 e - a +1 short sword of venom
 l - a +0 dagger of venom
 p - the +5 dagger "Viybiyj" {drain, Drain Int+8}
   (You found it on level 3 of the Dungeon)

   Int+8:     It affects your intelligence (+8).
   Drain:     It drains your maximum health when unequipped.
 E - a +3 quarterstaff of chaos
Armour
 a - a +0 robe (worn)
 b - a +0 kite shield (worn)
Jewellery
 i - a ring of protection from fire (right claw)
 m - a +6 ring of strength (left claw)
 n - the ring of Oraujum {rElec rC- rCorr EV+5 Stlth-}
   (You found it on level 2 of the Dungeon)

   [ring of evasion]

   EV+5:      It affects your evasion (+5).
   rC-:       It makes you vulnerable to cold.
   rElec:     It insulates you from electricity.
   rCorr:     It protects you from acid and corrosion.
   Stlth-:    It makes you less stealthy.
 u - a ring of resist corrosion
 v - the amulet of Elemental Vulnerability {rPois rF-- rC-- AC+8}
   (You found it on level 4 of the Dungeon)

   [amulet of nothing]

   AC+8:      It affects your AC (+8).
   rF--:      It makes you very vulnerable to fire.
   rC--:      It makes you very vulnerable to cold.
   rPois:     It protects you from poison
 w - a ring of flight
 y - a +6 ring of intelligence
 z - an amulet of magic regeneration
 F - a ring of willpower
Talismans
 r - a talisman of death
Wands
 G - a wand of flame (11)
Scrolls
 f - a scroll of amnesia
 j - 4 scrolls of teleportation
 o - 2 scrolls of poison
 q - 4 scrolls of enchant weapon
 t - a scroll of revelation
 A - a scroll of brand weapon
 B - a scroll of fog
 I - a scroll of summoning
Potions
 c - 2 potions of might
 d - a potion of curing {unknown}
 g - a potion of degeneration {unknown}
 h - 2 potions of heal wounds
 k - a potion of attraction {unknown}
 s - a potion of magic {unknown}
 x - a potion of mutation {unknown}
 C - a potion of ambrosia {unknown}
 D - a potion of experience {unknown}
 H - a potion of lignification {unknown}


   Skills:
 + Level 5.7 Fighting
 - Level 2.4 Dodging
 + Level 6.2 Shields
 * Level 9.0 Unarmed Combat


You had 8 spell levels left.
You didn't know any spells.
Your spell library contained the following spells:

 Spells                   Type           Power      Damage    Failure   Level
 Sandblast                Erth           0%         2d4       67%         1
 Summon Small Mammal      Summ           0%         N/A       67%         1
 Ensorcelled Hibernation  Hex/Ice        0%         N/A       80%         2
 Passwall                 Tmut/Erth      0%         N/A       80%         2
 Call Canine Familiar     Summ           0%         N/A       95%         3
 Inner Flame              Hex/Fire       0%         N/A       95%         3
 Stone Arrow              Conj/Erth      0%         3d7       95%         3
 Summon Guardian Golem    Hex/Summ       0%         N/A       95%         3
 Swiftness                Air            0%         N/A       95%         3
 Animate Dead             Necr           0%         N/A       100%        4
 Brom's Barrelling Bould  Conj/Erth      0%         2d3       100%        4
 Borgnjor's Vile Clutch   Necr/Erth      0%         N/A       100%        5
 Yara's Violent Unravell  Hex/Tmut       0%         3d3       100%        5
 Death Channel            Necr           0%         N/A       100%        6
 Enfeeble                 Hex            0%         N/A       100%        7


Dungeon Overview and Level Annotations

Branches:
Dungeon (7/15)
 Temple: D:4-7

Altars:
Okawaru
Wu Jian
Zin

Shops:
D:5 *


Innate Abilities, Weirdness & Mutations

You are too large for most types of armour.
You have claws for hands.
Your natural rate of healing is unusually fast.
You are covered in fur. (AC +1)
You have tough skin. (AC +1)


Message History

The Council accepts your kill.
No target in view!
No target in view!
Found a stone staircase leading down.
y - a +6 ring of intelligence
Found 6 stones.
You now have 320 gold pieces (gained 14).
A hornet comes into view.
The hornet buzzes angrily.
The hornet stings you!
You feel yourself slow down.
You miss the hornet.
The hornet stings you but does no damage.
The hornet stings you!
You feel as though you will be slow longer.
You mangle the hornet!!
The hornet is heavily wounded.
The hornet closely misses you. The hornet stings you!
You are poisoned.
You feel as though you will be slow longer.
You barely miss the hornet.
The hornet is heavily wounded.
You feel very sick. The hornet stings you!
You feel as though you will be slow longer.
The hornet stings you!
You are more poisoned.
You feel as though you will be slow longer.
You completely miss the hornet.
The hornet is heavily wounded.
You feel very sick. You block the hornet's attack. The hornet stings you!
* * * LOW HITPOINT WARNING * * *
You are lethally poisoned!
You feel as though you will be slow longer.
You scratch the hornet.
The hornet is severely wounded.
* * * LOW HITPOINT WARNING * * *
You feel very sick. The hornet stings you!
You die...

#.# #.# #.####.
#.# #.# #.# ##
#######.# ##.##
#.# #
........###...#
#.# #
####........#.#
#.# # #.##.###...#
#.##### #
#.####..####......
#..(..............
#@####..####.#####
#y# #..# #.# #..
#..# #.# #... ...#
#.# #..####.# #.#
#..# #.# #.# #..#
#.# #.# #..# #.#


You could see a hornet.

Vanquished Creatures
  Grinder (D:5)
  Prince Ribbit (D:5)
  Edmund (D:5)
  2 water moccasins
  An ice beast (D:7)
  A black bear (D:5)
  2 ogres (D:5)
  A phantom (D:3)
  A bullfrog (D:7)
  A gnoll sergeant (D:6)
  3 scorpions
  2 howler monkeys (D:4)
  A gnoll bouda (D:5)
  7 orc priests
  2 hounds
  2 jellies
  A sleepcap (D:4)
  Crazy Yiuf (D:5)
  2 iguanas
  2 orc wizards
  12 gnolls
  6 adders
  2 ufetubi (D:7)
  3 worms
  3 dart slugs
  37 orcs
  7 bats
  6 endoplasms
  A giant cockroach (D:1)
  3 goblins
  6 hobgoblins
  2 quokkas (D:2)
  7 ball pythons
  12 frilled lizards
  3 kobolds
  7 rats
152 creatures vanquished.

Notes
Turn   | Place    | Note
-------+----------+-------------------------------------------
     0 | D:1      | BigPumpCobain the Troll Fighter began the quest for the
                  | Orb.
     0 | D:1      | Reached XP level 1. HP: 22/22 MP: 0/0
   234 | D:1      | Reached XP level 2. HP: 29/29 MP: 1/1
   786 | D:2      | Reached XP level 3. HP: 35/36 MP: 2/2
   800 | D:2      | Reached skill level 3 in Unarmed Combat
   908 | D:2      | Identified the ring of Oraujum {rElec rC- rCorr EV+5
                  | Stlth-}
  1051 | D:2      | Found a faded altar of an unknown god.
  1361 | D:3      | Reached XP level 4. HP: 44/44 MP: 3/3
  1383 | D:3      | Noticed a phantom
  1389 | D:3      | Killed a phantom
  1390 | D:3      | Reached skill level 4 in Unarmed Combat
  1390 | D:3      | Reached XP level 5. HP: 53/53 MP: 4/4
  1495 | D:3      | Identified the +5 dagger "Viybiyj" {drain, Drain Int+8}
  2042 | D:5      | Entered Level 5 of the Dungeon
  2045 | D:5      | Reached XP level 6. HP: 24/61 MP: 5/5
  2161 | D:4      | Reached skill level 5 in Unarmed Combat
  2391 | D:4      | Found the amulet of Elemental Vulnerability {rPois rF--
                  | rC-- AC+8}
  2873 | D:5      | Noticed Prince Ribbit
  2878 | D:5      | Killed Prince Ribbit
  2879 | D:5      | Reached skill level 6 in Unarmed Combat
  2879 | D:5      | Reached XP level 7. HP: 42/70 MP: 6/6
  2912 | D:5      | Noticed Grinder
  2918 | D:5      | Killed Grinder
  3118 | D:5      | Noticed Edmund
  3136 | D:5      | Killed Edmund
  3137 | D:5      | Reached skill level 5 in Shields
  3137 | D:5      | Reached skill level 7 in Unarmed Combat
  3137 | D:5      | Reached XP level 8. HP: 55/79 MP: 7/7
  3295 | D:5      | Found Vanya's Assorted Antiques.
  3469 | D:5      | Reached skill level 5 in Fighting
  3540 | D:5      | Reached skill level 8 in Unarmed Combat
  3732 | D:5      | Found a runed translucent door.
  3733 | D:5      | Noticed Crazy Yiuf
  3811 | D:5      | Killed Crazy Yiuf
  3983 | D:6      | Found an ornate altar of the Wu Jian Council.
  3990 | D:6      | Reached XP level 9. HP: 84/88 MP: 8/8
  4020 | D:6      | Became a worshipper of the Wu Jian Council
  4603 | D:6      | Found an iron altar of Okawaru.
  4604 | D:6      | Found a glowing silver altar of Zin.
  4719 | D:7      | Reached skill level 9 in Unarmed Combat
  4791 | D:7      | Slain by a hornet

Illustrated notes

Levels and vault maps discovered:
D:1:      zaba_arrival_water, layout_loops_corners
D:2:      layout_rooms, shapermc_ecumenical_altar_ellora
D:3:      layout_basic, serial_bayou_pond_d
D:4:      layout_loops_ring
D:5:      layout_basic, serial_shops, shop, hangedman_decor_opposing,
          uniq_grinder, uniq_prince_ribbit1, uniq_edmund,
          uniq_crazy_yiuf_cottage
D:6:      layout_basic, mainiacjoe_overflow_alcove_2,
          gammafunk_temple_overflow_statue
D:7:      layout_loops_ring, minmay_temple_entry_antechambers, serial_shops,
          nicolae_shop_waterfront, minmay_checkerbox, uniq_joseph

Skill      XL: |  1  2  3  4  5  6  7  8  9 |
---------------+----------------------------+-----
Shields        | 3 4 5 6 |  6.2
Unarmed Combat | 3 4 6 7 8 9 |  9.0
Fighting       | 3 4 5 |  5.7
Dodging        | |  2.4

Action                     |  1- 3 |  4- 6 |  7- 9 || total
---------------------------+-------+-------+-------++-------
  Melee: Unarmed           |   118 |   132 |   202 ||   452
Ability: Lunge             |       |       |     5 ||     5
    Use: Scroll            |       |     4 |     4 ||     8
         Potion            |       |     1 |       ||     1
   Stab: Sleeping          |     2 |     1 |     1 ||     4
 Armour: Robe              |    63 |    71 |   128 ||   262
  Dodge: Dodged            |    47 |    45 |    87 ||   179
  Block: Kite shield       |    42 |    30 |   109 ||   181

Table legend: (Time is in decaauts)
 A = Elapsed time spent in this place.
 B = Non-inter-level travel time spent in this place.
 C = Inter-level travel time spent in this place.
 D = Time resting spent in this place.
 E = Time spent auto-exploring this place.
 F = Levels seen in this place.
 G = Mean time per level.
                   A        B        C        D        E       F      G
               +--------+--------+--------+--------+--------+-----+--------+
         Total |   4785 |   4625 |    160 |     37 |   3745 |   7 |  683.6 |
       Dungeon |   4785 |   4625 |    160 |     37 |   3745 |   7 |  683.6 |
               +--------+--------+--------+--------+--------+-----+--------+

Top non-repeatable levels by time:
     D:5: 1096 daAuts
     D:6: 821 daAuts
     D:1: 771 daAuts
     D:3: 745 daAuts
     D:4: 723 daAuts
     D:2: 514 daAuts
     D:7: 111 daAuts
